 Dungeon Crawl Stone Soup version 0.31-a0-844-gdc52ec4e09 (webtiles) character file.

Game seed: 13138528921548726739

15073 Dirtsage the Severer (level 11, 0/75 HPs)
             Began as a Demonspawn Berserker on Sept 28, 2023.
             Was a High Priest of Trog.
             Slain by a blink frog (10 damage)
             ... on level 2 of the Lair of Beasts.
             The game lasted 00:13:35 (10274 turns).

Dirtsage the Severer (Demonspawn Berserker)        Turns: 10274, Time: 00:13:36

Health: 0/75       AC: 28    Str: 23    XL:     11   Next: 97%
Magic:  11/11      EV: 10    Int:  8    God:    Trog [*****.]
Gold:   742        SH:  4    Dex: 12    Spells: 10/10 levels left

rFire   . . .        O - +1 war axe (flame)
rCold   . . .        (no shield)
rNeg    . . .        E - +0 scale mail {Will+}
rPois   +            d - +0 helmet
rElec   .            N - +2 cloak {Will+}
rCorr   .            (no gloves)
SInv    +            A - +0 pair of boots
Will    ++...        (no amulet) Stlth
                     S - ring of see invisible
HPRegen 0.32/turn    P - ring of poison resistance
MPRegen 0.12/turn

%: no passive effects
@: sanguine armoured, on berserk cooldown, slowed, very slow
A: icemail 2, sanguine armour 2, condensation shield, demonic touch 2
a: Renounce Religion, Berserk, Trog's Hand, Brothers in Arms


You were on level 2 of the Lair of Beasts.
You worshipped Trog.
Trog was extremely pleased with you.
You visited 3 branches of the dungeon, and saw 12 of its levels.
You also visited: Bailey.

You collected 870 gold pieces.
You spent 128 gold pieces at shops.

Inventory:

Hand Weapons
 H - a +0 broad axe
 M - a +4 battleaxe
 O - a +1 war axe of flaming (weapon)
Missiles
 T - a throwing net
Armour
 d - a +0 helmet (worn)
 p - a +0 scale mail
 A - a +0 pair of boots (worn)
 E - a +0 scale mail of willpower (worn)
 N - a +2 cloak of willpower (worn)
 R - a +0 pair of gloves
Jewellery
 C - a ring of resist corrosion
 J - a ring of willpower
 P - a ring of poison resistance (right hand)
 S - a ring of see invisible (left hand)
Wands
 a - a wand of polymorph (2)
 w - a wand of roots (6)
 U - a wand of flame (7)
Scrolls
 b - a scroll of fear {unknown}
 e - 3 scrolls of poison {unknown}
 f - 9 scrolls of identify {unknown}
 g - 4 scrolls of revelation {unknown}
 h - 4 scrolls of blinking {unknown}
 j - a scroll of silence {unknown}
 r - 3 scrolls of butterflies {unknown}
 t - 9 scrolls of teleportation
 x - a scroll of noise {unknown}
 y - a scroll of torment {unknown}
 z - 2 scrolls of amnesia {unknown}
 B - 3 scrolls of enchant weapon {unknown}
 D - 2 scrolls of immolation {unknown}
 G - a scroll of enchant armour {unknown}
 I - 2 scrolls of fog {unknown}
Potions
 c - 4 potions of cancellation {unknown}
 i - a potion of berserk rage {unknown}
 k - 3 potions of mutation {unknown}
 l - 3 potions of heal wounds
 m - a potion of enlightenment {unknown}
 n - 2 potions of brilliance {unknown}
 o - a potion of might {unknown}
 q - 7 potions of curing
 s - a potion of degeneration {unknown}
 u - a potion of resistance {unknown}
 v - 3 potions of haste {unknown}
 F - a potion of ambrosia {unknown}
 L - a potion of experience
 Q - 2 potions of lignification {unknown}
Miscellaneous
 K - a sack of spiders


   Skills:
 - Level 3.0 Fighting
 + Level 17.7 Axes
 - Level 1.7 Armour
 - Level 1.7 Dodging


You had 10 spell levels left.
You didn't know any spells.
Your spell library contained the following spells:

 Spells                   Type           Power      Damage    Failure   Level
 Necrotise                Necr           0%         1d4       75%         1
 Poisonous Vapours        Pois/Air       0%         N/A       86%         2
 Sublimation of Blood     Necr           0%         N/A       86%         2
 Dazzling Flash           Conj/Hex       0%         N/A       98%         3
 Mephitic Cloud           Conj/Pois/Air  0%         N/A       98%         3
 Vampiric Draining        Necr           0%         2d6       98%         3
 Volatile Blastmotes      Fire/Tloc      0%         2d10      98%         3
 Petrify                  Tmut/Erth      0%         N/A       100%        4
 Agony                    Necr           0%         N/A       100%        5
 Freezing Cloud           Conj/Ice/Air   0%         6-21      100%        5
 Irradiate                Conj/Tmut      0%         3d11      100%        5
 Starburst                Conj/Fire      0%         6d3       100%        6
 Maxwell's Capacitive Co  Air            0%         ∞         100%        8


Dungeon Overview and Level Annotations

Branches:
Dungeon (9/15)             Temple (1/1) D:7            Lair (2/5) D:9
  Snake (0/4) Lair:2       Bailey (visited)
  Swamp: Lair:2-3    Shoals: Lair:2-3       Orc: D:9-12

Altars:
Ashenzari
Cheibriados
Dithmenos
Fedhas
Gozag
Hepliaklqana
Kikubaaqudgha
Makhleb
Okawaru
Qazlal
Ru
Sif Muna
Trog
Uskayaw
Vehumet
Wu Jian
Xom
Yredelemnul

Shops:
D:8 !


Innate Abilities, Weirdness & Mutations

A meltable icy envelope protects you from harm. (AC +8)
When seriously injured, your blood forms thick armour. (AC +9)
A meltable shield of frost defends you. (SH +4)
Your touch may inflict irresistible damage on your foes.


Message History

You now have 13/75 hp.
You closely miss the blink frog.
The blink frog is almost dead.
The blink frog hits you but does no damage. x2
You slash the blink frog! You burn the blink frog.
You kill the blink frog!
Trog accepts your kill.
The blink frog blinks!
The blink frog completely misses you.
You closely miss the blink frog. The blink frog closely misses you.
You hit the blink frog but do no damage.
The blink frog closely misses you.
The blink frog blinks!
The blink frog barely misses you.
You slash the blink frog! You burn the blink frog.
The blink frog is heavily wounded.
The blink frog blinks!
The blink frog blinks!
You see here a blink frog corpse.
The blink frog blinks!
You block the blink frog's attack. The blink frog hits you!
* * * LOW HITPOINT WARNING * * *
The blink frog blinks!
You see here a blink frog corpse.
You take 8 damage, and have 8/75 hp.
You block the blink frog's attack.
The blink frog hits you but does no damage. x2
You barely miss the blink frog.
The blink frog blinks!
You block the blink frog's attack.
You closely miss the blink frog.
The blink frog is heavily wounded.
The blink frog hits you but does no damage. x2
You miss the blink frog.
The blink frog is heavily wounded.
You barely miss the blink frog. You block the blink frog's attack.
The blink frog barely misses you.
You completely miss the blink frog.
The blink frog is heavily wounded.
You closely miss the blink frog. The blink frog completely misses you.
The blink frog hits you but does no damage.
The blink frog closely misses you. The blink frog hits you!
You die...

...............
#................
#................
..............$...
#..................
#...................
#....................
#.....FF............^.
.......@.†..~....~P...#
....P..#....~~~~~......
...#.......~~~~~~~~...
# #......~)~...~~~.#
.......~~~~.P..~~~#
........~~.....~.~~#
.........~~...>)..~~##
#..#.....~~~......~~~#
......~~~.....~~~##


You could see 2 blink frogs.

Vanquished Creatures
  An orc warlord (Bailey)
  Harold (Lair:1)
  A catoblepas (Lair:1)
  A two-headed ogre (D:8)
  Amaemon (Lair:1)
  An orc knight (Bailey)
  An orange demon (Lair:1)
  7 cane toads
  A gargoyle (D:8)
  2 komodo dragons
  A rime drake (Lair:1)
  8 blink frogs
  A slime creature (D:7)
  3 wyverns
  3 nagas (Lair:2)
  8 water moccasins
  3 ice beasts
  2 sky beasts (D:7)
  2 black bears
  15 orc warriors
  3 ogres
  4 centaurs
  2 phantoms (D:4)
  2 kobold brigands
  8 bullfrogs
  2 gnoll sergeants
  3 scorpions
  A quasit (D:7)
  An orc priest (D:6)
  2 jellies
  2 gnoll boudas (D:6)
  14 hounds
  A sleepcap (D:5)
  3 iguanas
  3 orc wizards (D:6)
  23 gnolls
  5 adders
  2 shadow imps
  3 white imps (D:5)
  14 orcs
  4 endoplasms
  7 giant cockroaches
  20 goblins
  24 hobgoblins
  4 jackals (D:1)
  18 kobolds
  3 quokkas
  7 ball pythons
  2 bats (D:1)
  9 frilled lizards
  2 goblin zombies (D:7)
  2 hobgoblin zombies (D:7)
  A kobold zombie (D:7)
  2 orc skeletons (D:7)
  2 orc zombies (D:7)
  23 rats
291 creatures vanquished.

Notes
Turn   | Place    | Note
-------+----------+-------------------------------------------
     0 | D:1      | Dirtsage the Demonspawn Berserker began the quest for the
                  | Orb.
     0 | D:1      | Reached XP level 1. HP: 18/18 MP: 1/1
   111 | D:1      | Reached skill level 3 in Axes
   249 | D:1      | Gained mutation: Your touch may inflict minor irresistible
                  | damage on your foes. [demonic ancestry]
   249 | D:1      | Reached XP level 2. HP: 24/24 MP: 2/2
   995 | D:2      | Gained mutation: Your touch may inflict irresistible damage
                  | on your foes. [demonic ancestry]
   995 | D:2      | Reached XP level 3. HP: 29/29 MP: 3/3
  1022 | D:2      | Found a faded altar of an unknown god.
  1064 | D:2      | Reached ** piety under Trog
  1095 | D:2      | Reached skill level 4 in Axes
  1520 | D:2      | Gained mutation: When seriously injured, your blood forms
                  | armour. (AC +9) [demonic ancestry]
  1520 | D:2      | Reached XP level 4. HP: 23/35 MP: 4/4
  2161 | D:3      | Reached skill level 5 in Axes
  2166 | D:3      | Reached *** piety under Trog
  2167 | D:3      | Gained mutation: A meltable shield of frost defends you.
                  | (SH +4) [demonic ancestry]
  2167 | D:3      | Reached XP level 5. HP: 27/41 MP: 5/5
  2593 | D:3      | Noticed an ogre
  2604 | D:3      | Killed an ogre
  2718 | D:4      | Reached skill level 6 in Axes
  2726 | D:4      | Noticed a phantom
  2730 | D:4      | Gained mutation: When seriously injured, your blood forms
                  | thick armour. (AC +9) [demonic ancestry]
  2730 | D:4      | Reached XP level 6. HP: 29/47 MP: 6/6
  3348 | D:5      | Entered Level 5 of the Dungeon
  3388 | D:5      | Reached skill level 7 in Axes
  3572 | D:5      | Gained mutation: A meltable icy envelope protects you from
                  | harm. (AC +8) [demonic ancestry]
  3572 | D:5      | Reached XP level 7. HP: 40/52 MP: 7/7
  3938 | D:5      | Reached skill level 8 in Axes
  3994 | D:5      | Found a stormy altar of Qazlal.
  4194 | D:6      | Found a snail-covered altar of Cheibriados.
  4194 | D:6      | Found a shimmering blue altar of Sif Muna.
  4195 | D:6      | Found an opulent altar of Gozag.
  4214 | D:6      | Found a hazy altar of Hepliaklqana.
  4227 | D:6      | Reached **** piety under Trog
  4258 | D:6      | Reached skill level 9 in Axes
  4258 | D:6      | Reached XP level 8. HP: 58/58 MP: 8/8
  4614 | D:6      | Reached skill level 10 in Axes
  5114 | D:6      | Reached skill level 11 in Axes
  5127 | D:6      | Reached XP level 9. HP: 25/63 MP: 9/9
  6070 | D:7      | Found a staircase to the Ecumenical Temple.
  6081 | Temple   | Entered the Ecumenical Temple
  6117 | D:7      | Reached skill level 12 in Axes
  6437 | D:7      | Found a flagged portal.
  6443 | D:7      | Reached ***** piety under Trog
  6456 | Bailey   | Entered a bailey
  6663 | Bailey   | Reached skill level 13 in Axes
  6914 | Bailey   | Gained mutation: A meltable icy envelope protects you from
                  | harm. (AC +8) [demonic ancestry]
  6914 | Bailey   | Reached XP level 10. HP: 63/70 MP: 10/10
  7031 | Bailey   | Noticed an orc warlord
  7031 | Bailey   | Noticed an orc knight
  7041 | Bailey   | Killed an orc knight
  7055 | Bailey   | Killed an orc warlord
  7056 | Bailey   | Reached skill level 14 in Axes
  7516 | D:8      | Noticed a two-headed ogre
  7517 | D:8      | Noticed a gargoyle
  7523 | D:8      | Killed a two-headed ogre
  7527 | D:8      | Killed a gargoyle
  7528 | D:8      | Reached skill level 15 in Axes
  7682 | D:8      | Received a gift from Trog
  7927 | D:8      | Found Etug's Distillery.
  7935 | D:8      | Bought a potion of heal wounds for 80 gold pieces
  7935 | D:8      | Bought a potion of curing for 48 gold pieces
  8275 | D:9      | Found a staircase to the Lair.
  8303 | Lair:1   | Entered Level 1 of the Lair of Beasts
  8303 | Lair:1   | Noticed a cane toad
  8312 | Lair:1   | Killed a cane toad
  8320 | Lair:1   | Reached XP level 11. HP: 75/75 MP: 11/11
  8769 | Lair:1   | Reached skill level 16 in Axes
  8797 | Lair:1   | Noticed Amaemon
  8810 | Lair:1   | Killed Amaemon
  8870 | Lair:1   | Noticed a catoblepas
  8892 | Lair:1   | Killed a catoblepas
  9118 | Lair:1   | Noticed Harold
  9127 | Lair:1   | Killed Harold
  9598 | Lair:2   | Reached skill level 17 in Axes
 10232 | Lair:2   | Found a staircase to the Snake Pit.
 10274 | Lair:2   | Slain by a blink frog

Illustrated notes

Levels and vault maps discovered:
D:1:      roderic_octagonal_star, layout_basic
D:2:      layout_loops_ring, shapermc_ecumenical_altar_starsandcircs,
          kennysheep_donut
D:3:      layout_basic, minmay_rat_hole
D:4:      layout_loops_ring
D:5:      layout_loops_cross, kennysheep_mini
D:6:      kennysheep_housing_project, layout_gridville,
          nicolae_overflow_quartered_altars, nicolae_zen_rock_garden
D:7:      layout_cave_pools, nicolae_tso_besieged_by_evil,
          minmay_temple_entry_poolview, enter_bailey_3, minmay_small_thing
D:8:      statuecave_lemuel, layout_basic, serial_shops, shop
D:9:      layout_loops_ring, lair_entry_dummy, serial_shops, shop
Temple:   hellmonk_temple_two_chambers
Lair:1:   layout_loops_ring, infiniplex_staircase_pool_2, uniq_harold,
          uniq_amaemon
Lair:2:   layout_chaotic_city, skrybe_swamp_entry_bodies,
          guppyfry_snake_entry_island, lemuel_fruit_tree

Skill      XL: |  1  2  3  4  5  6  7  8  9 10 11 |
---------------+----------------------------------+-----
Axes           | 3 4 5 6 7 9 11 13 15 17 | 17.7
Fighting       | |  3.0
Armour         | |  1.7
Dodging        | |  1.7

Action                     |  1- 3 |  4- 6 |  7- 9 | 10-12 || total
---------------------------+-------+-------+-------+-------++-------
  Melee: Hand axe          |   118 |   141 |   286 |       ||   545
         Punch             |     3 |       |     4 |     2 ||     9
         Touch             |     9 |    30 |    64 |    41 ||   144
         War axe           |       |       |    42 |   247 ||   289
         Broad axe         |       |       |    16 |     1 ||    17
 Invoke: Berserk           |     1 |     1 |     5 |     6 ||    13
         Trog's Hand       |       |       |       |     1 ||     1
    Use: Scroll            |       |       |     1 |       ||     1
 Armour: Animal skin       |    69 |    14 |       |       ||    83
         Scale mail        |       |    49 |   215 |   190 ||   454
  Dodge: Dodged            |    75 |    57 |   133 |    87 ||   352
  Block: Other             |       |    14 |    53 |    34 ||   101

Table legend: (Time is in decaauts)
 A = Elapsed time spent in this place.
 B = Non-inter-level travel time spent in this place.
 C = Inter-level travel time spent in this place.
 D = Time resting spent in this place.
 E = Time spent auto-exploring this place.
 F = Levels seen in this place.
 G = Mean time per level.
                   A        B        C        D        E       F      G
               +--------+--------+--------+--------+--------+-----+--------+
         Total |  10266 |  10071 |    195 |    541 |   7951 |  13 |  789.7 |
       Dungeon |   7500 |   7332 |    168 |    288 |   5934 |   9 |  833.3 |
        Temple |      1 |      1 |      0 |      0 |      0 |   1 |    1.0 |
          Lair |   1957 |   1930 |     27 |     89 |   1551 |   2 |  978.5 |
        Bailey |    807 |    807 |      0 |    163 |    465 |   1 |  807.0 |
               +--------+--------+--------+--------+--------+-----+--------+

Top non-repeatable levels by time:
     D:6: 1689 daAuts
  Lair:1: 1274 daAuts
     D:1: 988 daAuts
     D:2: 858 daAuts
     D:3: 856 daAuts
     D:7: 849 daAuts
  Bailey: 807 daAuts
     D:8: 788 daAuts
     D:5: 753 daAuts
  Lair:2: 682 daAuts
     D:4: 677 daAuts
     D:9: 37 daAuts
  Temple: 1 daAuts
